 Dungeon Crawl Stone Soup version 0.25.0-26-g0c896c7088 (webtiles) character file.

Game seed: 7728334685768560935

4776 Esekla the Grave Robber (level 10, -5/76 HPs)
             Began as a Formicid Necromancer on July 2, 2020.
             Slain by a manticore (7 damage)
             ... on level 7 of the Dungeon.
             The game lasted 01:23:37 (9168 turns).

Esekla the Grave Robber (Formicid Necromancer)      Turns: 9168, Time: 01:23:37

Health: -5/76      AC:  8    Str: 13    XL:     10   Next: 75%
Magic:  15/21      EV: 13    Int: 18    God:
Gold:   324        SH:  5    Dex: 11    Spells: 20/24 levels left

rFire    . . .     SeeInvis +   F - +2 scimitar (venom)
rCold    + . .     Gourm    .   (no shield)
rNeg     . . .     Faith    .   v - +0 leather armour
rPois    +         Spirit   .   (helmet unavailable)
rElec    .         Reflect  +   r - +1 cloak
rCorr    .         Harm     .   g - +0 pair of gloves
MR       +....                  j - +0 pair of boots
Stlth    ++........             a - amulet of reflection
HPRegen  0.22/turn              n - ring of poison resistance
MPRegen  0.17/turn              q - ring of protection from cold (curse)

@: no status effects
A: permanent stasis, dig shafts and tunnels, four strong arms, antennae 3
a: Dig, Shaft Self


You were on level 7 of the Dungeon.
You were not hungry.

You visited 2 branches of the dungeon, and saw 9 of its levels.
You also visited: Sewer and Bailey.

You collected 324 gold pieces.

Inventory:

Hand Weapons
 b - a +0 short sword
 l - a +0 great sword
 u - a +3 vorpal spear
 F - a +2 scimitar of venom (weapon)
 T - a +3 hand axe of venom
Missiles
 h - 26 poisoned darts (quivered)
 m - 40 boomerangs
Armour
 g - a +0 pair of gloves (worn)
 j - a +0 pair of boots (worn)
 r - a +1 cloak (worn)
 v - a +0 leather armour (worn)
 C - a +3 scale mail of magic resistance
 D - a +0 ring mail of fire resistance
 J - a cursed +0 ring mail
Jewellery
 a - an amulet of reflection (around neck)
 n - a ring of poison resistance (left hand)
 p - an uncursed amulet of regeneration
 q - a cursed ring of protection from cold (right hand)
 K - an uncursed amulet of faith
Wands
 w - a wand of flame (20)
 x - a wand of polymorph (11)
 E - a wand of paralysis (8)
 M - a wand of disintegration (12)
 O - a wand of random effects (15)
 Q - a wand of digging (7)
Scrolls
 e - 9 scrolls of remove curse
 f - a scroll of silence
 y - 2 scrolls of amnesia
 z - 3 scrolls of fog
 A - 3 scrolls of fear
 N - a scroll of acquirement {unknown}
 P - a scroll of identify
 S - a scroll of enchant weapon
Potions
 d - a potion of resistance {unknown}
 i - 4 potions of flight
 k - 5 potions of might
 o - 3 potions of ambrosia
 s - 4 potions of lignification
 t - 4 potions of curing
 B - 2 potions of stabbing
 G - a potion of mutation {unknown}
 H - a potion of invisibility {unknown}
 I - a potion of degeneration {unknown}
Comestibles
 c - 12 rations


   Skills:
 * Level 5.8 Fighting
 + Level 1.7(2.7) Short Blades
 + Level 3.1(3.3) Long Blades
 + Level 3.6 Polearms
 + Level 2.2 Throwing
 * Level 5.3 Armour
 + Level 3.7 Dodging
 + Level 3.8 Stealth
 * Level 7.6 Spellcasting
 * Level 7.6 Necromancy
 * Level 3.8 Translocations


You had 20 spell levels left.
You knew the following spells:

 Your Spells              Type           Power        Failure   Level  Hunger
a - Apportation           Tloc           ###...       2%          1    None
d - Vampiric Draining     Necr           ####......   1%          3    #......

Your spell library contained the following spells:

 Spells                   Type           Power        Failure   Level  Hunger
 Animate Skeleton         Necr           N/A          1%          1    None
 Pain                     Necr           ####         1%          1    None
 Animate Dead             Necr           N/A          5%          4    ###....
 Corona                   Hex            #......      13%         1    None
 Summon Small Mammal      Summ           #...         13%         1    None
 Agony                    Necr           ####....     14%         5    #####..


Dungeon Overview and Level Annotations

Branches:
Dungeon (8/15)             Temple (1/1) D:4           Sewer (visited)
 Bailey (visited)
   Lair: D:8-11

Altars:
Cheibriados
Elyvilon
Hepliaklqana
Okawaru
Ru
Trog
Vehumet
Wu Jian
The Shining One

Shops:
D:6 (

Annotations:
D:4 1 runed translucent door, nebnoj's ghost, amateur HaBe
D:6 Dowan; Duvessa


Innate Abilities, Weirdness & Mutations

You cannot be hasted, slowed, berserked, paralysed or teleported.
You can dig through walls and to a lower floor.
Your four strong arms can wield two-handed weapons with a shield.
You have a pair of large antennae on your head. (SInv)


Message History

Confirm with . or Enter, or press ? or * to list all spells.
Aiming: Vampiric Draining (safe; 1% risk of failure)
Press: ? - help, Shift-Dir - straight line, f - manticore
Aim: a manticore (lightly wounded, very poisoned)
The manticore is moderately wounded.
You feel life coursing into your body. You block the manticore's attack.
The manticore claws you!
* * * LOW HITPOINT WARNING * * *
The manticore claws you!
* * * LOW HITPOINT WARNING * * *
Casting: Vampiric Draining (safe; 1% risk of failure)
Confirm with . or Enter, or press ? or * to list all spells.
Aiming: Vampiric Draining (safe; 1% risk of failure)
Press: ? - help, Shift-Dir - straight line, f/p - manticore
Aim: a manticore (moderately wounded, poisoned)
The manticore is heavily wounded.
You feel life coursing into your body. The manticore bites you.
* * * LOW HITPOINT WARNING * * *
You block the manticore's attack. The manticore claws you!
You die...

#.#..# #.. #.#..#
#.# #.#..# #.#
#.#..# ##.##
#.#..## #...###
####.#.... ###.....
#......... #.....#
##.######## #$(H@>#
.##.# ##
#.....###.##.# ##.
###...$...##.# ##(.
#...#.####.#####...
#####..........#...
######.###.#.#.
##........#
#.........#
#.#.....).#


You could see a manticore (poisoned).

Vanquished Creatures
  Pikel (D:5)
  An orc knight (Bailey)
  A centaur skeleton (D:8)
  A hornet (D:7)
  A human (D:8)
  Eustachio (D:5)
  4 hogs (D:8)
  Menkaure (D:7)
  7 orc warriors
  2 ice beasts
  A slave (D:5)
  3 sky beasts
  2 black bears
  2 centaurs
  A big kobold (D:3)
  5 scorpions
  2 howler monkeys (D:5)
  A crimson imp (D:5)
  A quasit (D:8)
  A jelly (D:7)
  An orc wizard (D:7)
  An orc priest (D:3)
  A hound (D:7)
  4 worker ants
  A hound zombie (D:7)
  A hound skeleton (D:5)
  7 gnolls
  A river rat (D:5)
  4 adders
  7 oozes
  An adder skeleton (D:4)
  7 worms
  A dart slug (D:1)
  8 leopard geckos
  14 orcs
  4 ball pythons
  6 giant cockroaches
  9 goblins
  16 hobgoblins
  15 jackals
  27 kobolds
  A quokka (D:2)
  15 bats
  4 frilled lizards
  A jackal skeleton (D:4)
  A quokka skeleton (D:4)
  A quokka zombie (D:5)
  9 rats
207 creatures vanquished.

Vanquished Creatures (others)
  A slave (D:6)
  An ice beast (D:6)
  A worker ant (D:4)
  An adder (D:4)
4 creatures vanquished.

Grand Total: 211 creatures vanquished

Notes
Turn   | Place    | Note
-------+----------+-------------------------------------------
     0 | D:1      | Esekla the Formicid Necromancer began the quest for the
                  | Orb.
     0 | D:1      | Reached XP level 1. HP: 13/13 MP: 3/3
   209 | D:1      | Reached XP level 2. HP: 15/19 MP: 5/5
   705 | D:1      | Reached XP level 3. HP: 23/25 MP: 6/6
   710 | D:1      | Learned a level 3 spell: Vampiric Draining
   722 | D:1      | Reached skill level 1 in Fighting
  1311 | D:2      | Reached XP level 4. HP: 32/32 MP: 8/8
  2029 | D:3      | Noticed a big kobold
  2064 | D:3      | Found an ornate altar of the Wu Jian Council.
  2110 | D:3      | Killed a big kobold
  2110 | D:3      | Reached skill level 1 in Short Blades
  2110 | D:3      | Reached XP level 5. HP: 31/38 MP: 3/9
  2594 | D:3      | Found a white marble altar of Elyvilon.
  2642 | D:3      | Reached XP level 6. HP: 37/44 MP: 0/11
  3055 | D:4      | Found a staircase to the Ecumenical Temple.
  3082 | Temple   | Entered the Ecumenical Temple
  3315 | D:4      | Reached skill level 1 in Armour
  3713 | D:4      | Found a runed translucent door.
  3714 | D:4      | Noticed nebnoj's ghost (amateur HaBe)
  3743 | D:4      | Found a radiant altar of Vehumet.
  3925 | D:5      | Entered Level 5 of the Dungeon
  4037 | D:5      | Reached skill level 1 in Polearms
  4037 | D:5      | Reached XP level 7. HP: 46/51 MP: 9/13
  4068 | D:5      | Reached skill level 5 in Necromancy
  4118 | D:5      | Noticed Eustachio
  4168 | D:5      | Killed Eustachio
  4493 | D:5      | Reached XP level 8. HP: 50/58 MP: 11/15
  4540 | D:5      | Found a glowing drain.
  4544 | Sewer    | Entered a sewer
  5361 | D:5      | Learned a level 1 spell: Apportation
  6025 | D:6      | Noticed Pikel
  6275 | D:6      | Reached skill level 1 in Translocations
  6367 | D:6      | Reached skill level 5 in Spellcasting
  6463 | D:6      | Found Ifump's Antique Weapon Emporium.
  6525 | D:5      | Killed Pikel
  6525 | D:5      | Reached skill level 1 in Throwing
  6525 | D:5      | Reached XP level 9. HP: 49/65 MP: 3/18
  6766 | D:6      | Noticed Duvessa
  6775 | D:6      | Noticed Dowan
  6779 | D:7      | Noticed a hornet
  6782 | D:7      | Noticed Menkaure
  6786 | D:7      | You fall into a shaft and drop 1 floor!
  6842 | D:8      | Reached skill level 1 in Long Blades
  6992 | D:8      | Reached XP level 10. HP: 39/73 MP: 2/20
  7022 | D:8      | Found a flagged portal.
  7028 | Bailey   | Entered a bailey
  7594 | Bailey   | Noticed an orc knight
  7603 | Bailey   | Killed an orc knight
  7603 | Bailey   | Reached skill level 5 in Fighting
  7759 | Bailey   | Reached skill level 5 in Armour
  8441 | D:7      | Killed Menkaure
  9158 | D:7      | Noticed a manticore
  9167 | D:7      | HP: 3/76 [manticore (11)]
  9168 | D:7      | Slain by a manticore

Illustrated notes

Levels and vault maps discovered:
D:1:      evilmike_arrival_plus, layout_loops_ring, chequers_arboretum
D:2:      layout_rooms
D:3:      layout_loops_cross, lemuel_crystal_altar, first_ration,
          elyvilon_altar_3
D:4:      layout_gridville, fiery_altar_vehumet, temple_pool_b,
          gammafunk_ghost_grave
D:5:      layout_layer_cave, gup_sewer_entry_spiral, uniq_eustachio
D:6:      layout_cave_pools, serial_shops, shop, uniq_pikel, uniq_duvessa
D:7:      layout_loops_ring, uniq_menkaure
D:8:      layout_basic, yredelemnul_altar_generic, enter_bailey_2,
          grunt_livestock
Temple:   hc_temple_tempest_star

Skill      XL: |  1  2  3  4  5  6  7  8  9 10 |
---------------+-------------------------------+-----
Fighting       | 1 2 3 4 5 |  5.8
Dodging        | 2 3 |  3.7
Spellcasting   | 3 4 6 7 |  7.6
Short Blades   | 1 |  1.7
Stealth        | 3 |  3.8
Armour         | 1 2 3 4 5 |  5.3
Polearms       | 1 2 3 |  3.6
Necromancy     | 5 6 7 |  7.6
Translocations | 2 3 |  3.8
Throwing       | 1 2 |  2.2
Long Blades    | 2 3 |  3.1

Action                   |  1- 3 |  4- 6 |  7- 9 | 10-12 || total
-------------------------+-------+-------+-------+-------++-------
Melee: Dagger            |    65 |       |       |       ||    65
       Short sword       |    57 |   116 |     4 |       ||   177
       Spear             |       |    72 |   231 |    89 ||   392
       Falchion          |       |       |    70 |       ||    70
       Great sword       |       |       |    20 |    21 ||    41
       Scimitar          |       |       |       |    73 ||    73
Throw: Dart              |     3 |     9 |    17 |    31 ||    60
       Boomerang         |       |       |       |    10 ||    10
 Cast: Pain              |    12 |     1 |     6 |       ||    19
       Vampiric Draining |     6 |    21 |    45 |    17 ||    89
       Apportation       |       |       |     3 |       ||     3
 Abil: Shaft Self        |       |       |     1 |       ||     1
       Dig               |       |       |       |     1 ||     1
  Use: Scroll            |       |     1 |    14 |     2 ||    17
       Potion            |       |       |     1 |     5 ||     6
 Stab: Sleeping          |     3 |     9 |     4 |     1 ||    17
  Eat: Chunk             |     2 |    10 |    11 |     5 ||    28
       Ration            |       |       |     1 |     1 ||     2
Armor: Robe              |    38 |    11 |       |       ||    49
       Leather armour    |       |    53 |   175 |    74 ||   302
Dodge: Dodged            |    86 |   109 |   298 |   133 ||   626
Block: Other             |       |       |    10 |    66 ||    76
       Reflection        |       |       |       |    30 ||    30
       Rpst.: Falchion   |       |       |    20 |       ||    20
       Great sword       |       |       |     5 |     6 ||    11
       Scimitar          |       |       |       |    19 ||    19
